 Dungeon Crawl Stone Soup version 0.22-a0-351-g29664b4 (webtiles) character file.

318 vishdafish the Skirmisher (level 6, 0/47 HPs)
             Began as a Demonspawn Skald on Apr 12, 2018.
             Was a Believer of Vehumet.
             Slain by Edmund
             ... wielding a +4 flail of crushing
              (1 damage)
             ... on level 4 of the Dungeon.
             The game lasted 00:10:07 (4683 turns).

vishdafish the Skirmisher (Demonspawn Skald)        Turns: 4683, Time: 00:10:09

Health: 0/47       AC:  3    Str: 12    XL:     6   Next: 21%
Magic:  9/9        EV: 21    Int: 16    God:    Vehumet [**....]
Gold:   266        SH:  0    Dex: 19    Spells: 8/9 levels left

rFire    . . .     SeeInvis .   f - +0 trident
rCold    . . .     Gourm    .   (no shield)
rNeg     . . .     Faith    .   b - +0 leather armour
rPois    .         Spirit   .   (no helmet)
rElec    .         Reflect  .   (no cloak)
rCorr    .         Harm     .   (no gloves)
MR       .....                  (no boots)
Stlth    +.........             (no amulet)
HPRegen  0.15/turn              w - ring of loudness (curse)
MPRegen  0.11/turn              x - +2 ring of dexterity

@: agile
A: repulsion field 2, demonic guardian 1, powered by pain 1
a: Renounce Religion


You were on level 4 of the Dungeon.
You worshipped Vehumet.
Vehumet was pleased with you.
You were not hungry.

You visited 1 branch of the dungeon, and saw 4 of its levels.
You also visited: Sewer.

You collected 266 gold pieces.

Inventory:

Hand Weapons
 a - a +0 spear
 f - a +0 trident (weapon)
 v - a +0 hunting sling
Missiles
 j - 73 sling bullets
Armour
 b - a +0 leather armour (worn)
 c - a +0 large shield
 e - a +0 shield
Jewellery
 w - a cursed ring of loudness (left hand)
 x - a +2 ring of dexterity (right hand)
Scrolls
 i - 3 scrolls of enchant weapon {unknown}
 k - 2 scrolls of remove curse
 l - 2 scrolls of fog {unknown}
 m - 2 scrolls of amnesia {unknown}
 n - 3 scrolls of identify {unknown}
 o - 6 scrolls of teleportation
 t - a scroll of noise {unknown}
Potions
 g - 2 potions of magic {unknown}
 h - 5 potions of flight
 p - 2 potions of might {unknown}
 q - a potion of brilliance {unknown}
 r - a potion of invisibility {unknown}
 s - a potion of haste {unknown}
 z - a potion of mutation {unknown}
Comestibles
 d - 8 rations


   Skills:
 + Level 3.5 Fighting
 + Level 3.2 Polearms
 - Level 1.1 Armour
 + Level 3.0 Dodging
 + Level 2.4 Shields
 + Level 2.2 Spellcasting
 - Level 3.0 Charms


You had 8 spell levels left.
You knew the following spells:

 Your Spells              Type           Power        Failure   Level  Hunger
a - Infusion              Chrm           ##..         8%          1    #......


Dungeon Overview and Level Annotations

Branches:
Dungeon (4/15)
 Temple: D:4-7

Altars:
Vehumet

Annotations:
D:4 Edmund


Innate Abilities, Weirdness & Mutations

You are surrounded by a moderate repulsion field. (EV +3)
A weak demonic guardian rushes to your aid.
You sometimes gain a little power by taking damage.


Message History

You feel agile all of a sudden. Edmund completely misses you.
You hit Edmund but do no damage.
Edmund is almost dead.
Edmund misses you.
You hit Edmund but do no damage.
Edmund is almost dead.
Edmund hits you with a flail of crushing!
* * * LOW HITPOINT WARNING * * *
x2 You hit Edmund.
Edmund is almost dead.
Edmund closely misses you.
You hit Edmund but do no damage.
Edmund is almost dead.
Edmund misses you.
You barely miss Edmund.
Edmund is almost dead.
Edmund hits you with a flail of crushing.
* * * LOW HITPOINT WARNING * * *
You die...

#. #.# #.#
#.# #.#
##.######+#
#....)....##
#.....@@..#
#.#######.#
#.# # #.#
#.# #.# #.#
#.# #.#


You could see Edmund.

Vanquished Creatures
  A worker ant (D:3)
  A merfolk siren (Sewer)
  A merfolk avatar (Sewer)
  Robin (D:3)
  4 river rats (Sewer)
  9 adders
  3 dart slugs
  5 leopard geckos
  6 orcs (D:3)
  11 bats
  3 giant cockroaches
  13 goblins
  6 hobgoblins
  11 jackals
  7 kobolds
  A quokka (D:2)
  3 ball pythons (Sewer)
  8 frilled lizards
  30 rats
  A fungus (D:1)
125 creatures vanquished.

Notes
Turn   | Place    | Note
-------+----------+-------------------------------------------
     0 | D:1      | vishdafish the Demonspawn Skald began the quest for the Orb.
     0 | D:1      | Reached XP level 1. HP: 16/16 MP: 3/3
    72 | D:1      | Reached skill level 1 in Armour
   383 | D:1      | Gained mutation: You are surrounded by a mild repulsion field. (EV +2) [demonic ancestry]
   383 | D:1      | Reached XP level 2. HP: 19/22 MP: 0/5
   410 | D:1      | Found a radiant altar of Vehumet.
   420 | D:1      | Became a worshipper of Vehumet
  1098 | D:1      | Gained mutation: You are surrounded by a moderate repulsion field. (EV +3) [demonic ancestry]
  1098 | D:1      | Reached XP level 3. HP: 23/27 MP: 6/6
  1301 | D:2      | Reached * piety under Vehumet
  1301 | D:2      | Offered knowledge of Sandblast by Vehumet.
  1446 | D:2      | Reached skill level 1 in Shields
  1899 | D:3      | Gained mutation: You sometimes gain a little power by taking damage. [demonic ancestry]
  1899 | D:3      | Reached XP level 4. HP: 29/34 MP: 2/7
  2228 | D:3      | Found a glowing drain.
  2237 | Sewer    | Entered a sewer
  2588 | Sewer    | Gained mutation: A weak demonic guardian rushes to your aid. [demonic ancestry]
  2588 | Sewer    | Reached XP level 5. HP: 24/40 MP: 2/8
  2721 | Sewer    | Reached ** piety under Vehumet
  2721 | Sewer    | Offered knowledge of Magic Dart by Vehumet.
  2995 | Sewer    | Offered knowledge of Searing Ray by Vehumet.
  3842 | D:3      | Noticed Robin
  3934 | D:3      | Killed Robin
  3934 | D:3      | Reached XP level 6. HP: 16/47 MP: 1/9
  4582 | D:4      | Noticed Edmund
  4683 | D:4      | HP: 1/47 [Edmund/flail of crushing (3)]
  4683 | D:4      | Slain by Edmund

Vault maps used:
D:1:      giann_forest_graveyard, kennysheep_flooded_box,
          minmay_gold_behind_fungi
D:3:      first_ration, portal_sewer_entry_d, uniq_robin
D:4:      kennysheep_orc_chapel, uniq_ijyb, uniq_edmund
Sewer:    sewer_sea

Skill      XL: |  1  2  3  4  5  6 |
---------------+-------------------+-----
Armour         | 1 |  1.1
Polearms       | 2 3 |  3.2
Dodging        | 2 3 |  3.0
Charms         | 3 |  3.0
Shields        | 1 2 |  2.4
Fighting       | 3 |  3.5
Spellcasting   | |  2.2

Action                   |  1- 3 |  4- 6 || total
-------------------------+-------+-------++-------
Melee: Spear             |   228 |   128 ||   356
       Trident           |       |   172 ||   172
 Cast: Infusion          |     7 |    19 ||    26
  Use: Potion            |       |     6 ||     6
       Scroll            |       |     4 ||     4
 Stab: Sleeping          |     2 |       ||     2
  Eat: Chunk             |     3 |     7 ||    10
       Ration            |       |     1 ||     1
Armor: Leather armour    |    39 |    30 ||    69
       Skin              |       |    15 ||    15
Dodge: Dodged            |   151 |   198 ||   349

Table legend:
 A = Spawn XP
 B = Non-spawn XP
 C = Spawn XP percentage of total XP
 D = Spawn monster count
 E = Non-spawn monster count
 F = Spawn count percentage of total count
 G = Total turns spent on level
                    A         B        C        D         E        F      G
               +---------+---------+-------+---------+---------+-------+---------
         Total |       0 |     455 |   0.0 |       0 |     124 |   0.0 |  4683
               +---------+---------+-------+---------+---------+-------+---------
           D:1 |       0 |      46 |   0.0 |       0 |      25 |   0.0 |  1183
           D:2 |       0 |      36 |   0.0 |       0 |      16 |   0.0 |   691
           D:3 |       0 |     185 |   0.0 |       0 |      42 |   0.0 |  1357
         Sewer |       0 |     188 |   0.0 |       0 |      41 |   0.0 |  1304
               +---------+---------+-------+---------+---------+-------+---------
